 Dungeon Crawl Stone Soup version 0.19-a0-994-g3c636f0 (webtiles) character file.

1015 Charly the Slasher (level 8, -7/82 HPs)
             Began as a Halfling Berserker on July 16, 2016.
             Was a Believer of Trog.
             Mangled by an orc warrior
             ... wielding a +0 halberd
              (18 damage)
             ... on level 8 of the Dungeon.
             The game lasted 00:20:55 (1357 turns).

Charly the Slasher (Halfling Berserker)             Turns: 1357, Time: 00:20:56

Health: -7/82      AC:  8    Str: 22    XL:     8   Next: 45%
Magic:  8/8        EV: 15    Int:  6    God:    Trog [**....]
Gold:   103        SH:  0    Dex: 16    Spells: 0 memorised, 7 levels left

rFire  + + .     SeeInvis .     a - +2 short sword (vamp)
rCold  . . .     Gourm    .     d - +1 leather armour {rF+}
rNeg   . . .     Faith    .     (shield restricted)
rPois  .         Spirit   .     g - +0 helmet
rElec  .         Dismiss  .     (no cloak)
rCorr  .         Reflect  .     (no gloves)
SustAt .         Harm     .     n - +2 pair of boots
MR     .....                    (no amulet)
Stlth  ..........               u - -3 ring of evasion (curse)
                                f - ring of protection from fire

@: berserking (expiring), very quick, not resistant to hostile enchantments,
extremely unstealthy
A: mutation resistance 1
a: Berserk, Trog's Hand, Burn Spellbooks, Renounce Religion


You were on level 8 of the Dungeon.
You worshipped Trog.
Trog was pleased with you.
You were hungry.

You visited 2 branches of the dungeon, and saw 9 of its levels.

You collected 103 gold pieces.

Inventory:

Hand Weapons
 a - a +2 vampiric short sword (weapon)
 h - a +0 falchion
Missiles
 q - 16 poisoned needles
Armour
 d - a +1 leather armour of fire resistance (worn)
 g - a +0 helmet (worn)
 n - a +2 pair of boots (worn)
Jewellery
 f - a ring of protection from fire (left hand)
 u - a cursed -3 ring of evasion (right hand)
Scrolls
 c - a scroll of magic mapping
 p - a scroll of teleportation
Potions
 e - 3 potions of curing
 i - 2 potions of heal wounds
 j - a potion of brilliance {unknown}
 k - a potion of agility {unknown}
 m - 2 potions of lignification {unknown}
 o - a potion of cancellation {unknown}
 r - a potion of cure mutation {unknown}
 s - a potion of might {unknown}
Comestibles
 b - a royal jelly


   Skills:
 + Level 5.0 Fighting
 - Level 0.3(5.9) Short Blades
 + Level 7.2 Long Blades
 - Level 2.1 Armour
 + Level 5.4 Dodging


You had 7 spell levels left.
You didn't know any spells.

Dungeon Overview and Level Annotations

Branches:
Dungeon (8/15)             Temple (1/1) D:4
   Lair: D:8-11

Altars:
Ashenzari
Cheibriados
Dithmenos
Elyvilon
Gozag
Hepliaklqana
Makhleb
Nemelex Xobeh
Okawaru
Qazlal
Ru
Trog
Uskayaw
Vehumet
Yredelemnul
Zin


Innate Abilities, Weirdness & Mutations

You are small and have problems with some larger weapons.
You are somewhat resistant to further mutation.


Message History

The orc warrior hits you with a halberd!
You barely miss the orc warrior. The adder skeleton bites you.
You closely miss the orc warrior. The orc warrior barely misses you.
You puncture the orc warrior!
The orc warrior is moderately wounded.
The adder skeleton barely misses you.
You barely miss the orc warrior.
The orc warrior is moderately wounded.
You barely miss the orc warrior.
The orc warrior is moderately wounded.
The orc warrior hits you with a halberd!!
* * * LOW HITPOINT WARNING * * *
The adder skeleton misses you.
You hit the orc warrior but do no damage.
The orc warrior is moderately wounded.
You closely miss the orc warrior.
The orc warrior is moderately wounded.
The adder skeleton misses you.
The orc warrior hits you with a halberd!!
You die...

*,**,* *,***,,***
*,**,****#.#**,,,,*
*,**,,,,,...,,,,*,*
*,*******#.#*****,*
*,,,,,,,,...,,,,,,*
******####.#*******
*,,,oo#.# *,**#o#.#
*,*##@#.# *,*#.Z..#
*,*######
************,*
,,,,,,,,,,,,,*
************,* ***


You could see an orc warrior, an orc priest, an orc and an adder skeleton.

Vanquished Creatures
  Edmund (D:6)
  A sky beast (D:6)
  3 ogres
  A centaur (D:6)
  2 hounds
  A quasit (D:5)
  2 giant frog zombies (D:5)
  2 orc priests (D:4)
  A giant frog skeleton (D:5)
  2 orc wizards
  An iguana (D:4)
  2 worker ants
  A hound zombie (D:5)
  A worker ant zombie (D:6)
  2 adders (D:4)
  2 adder skeletons (D:4)
  A dart slug (D:1)
  2 giant geckos
  6 orcs
  A giant cockroach (D:1)
  2 goblins
  3 hobgoblins
  3 jackals (D:1)
  A quokka (D:5)
  A ball python skeleton (D:5)
  4 bats
  A giant gecko zombie (D:5)
  2 giant newts
  3 kobolds
  A quokka zombie (D:5)
  4 rats
60 creatures vanquished.

Notes
Turn   | Place    | Note
-------+----------+-------------------------------------------
     0 | D:1      | Charly the Halfling Berserker began the quest for the Orb.
     0 | D:1      | Reached XP level 1. HP: 15/15 MP: 1/1
    63 | D:1      | Reached XP level 2. HP: 16/20 MP: 2/2
   257 | D:2      | Reached skill level 4 in Long Blades
   257 | D:2      | Reached XP level 3. HP: 25/25 MP: 3/3
   357 | D:3      | Reached ** piety under Trog
   387 | D:4      | Noticed an ogre
   395 | D:4      | Killed an ogre
   395 | D:4      | Reached skill level 5 in Long Blades
   395 | D:4      | Reached XP level 4. HP: 30/30 MP: 4/4
   395 | D:4      | Reached XP level 5. HP: 35/35 MP: 5/5
   452 | D:4      | Reached XP level 6. HP: 39/42 MP: 6/6
   494 | D:4      | Noticed an ogre
   512 | D:4      | Killed an ogre
   517 | D:4      | Reached skill level 6 in Long Blades
   650 | D:4      | Found a staircase to the Ecumenical Temple.
   661 | Temple   | Entered the Ecumenical Temple
   759 | D:5      | Entered Level 5 of the Dungeon
   763 | D:5      | Found a white marble altar of Elyvilon.
   763 | D:5      | Noticed an ogre
   772 | D:5      | Killed an ogre
   772 | D:5      | Reached XP level 7. HP: 33/47 MP: 7/7
   820 | D:5      | magipi: hello
   825 | D:5      | Charly: hi
   890 | D:6      | magipi: short blades?
   905 | D:6      | Charly: long
   905 | D:6      | Charly: but found this beauty on d1 kobold
   950 | D:5      | magipi: eat?
   987 | D:5      | Charly: when Ill start fainting
  1009 | D:5      | Charly: fucker
  1009 | D:5      | Charly: nobody wants to leave a corpse
  1097 | D:6      | Reached XP level 8. HP: 54/54 MP: 8/8
  1163 | D:6      | Reached skill level 7 in Long Blades
  1163 | D:6      | Reached skill level 5 in Dodging
  1235 | D:6      | Noticed Edmund
  1251 | D:6      | Killed Edmund
  1301 | D:6      | Reached skill level 5 in Fighting
  1348 | D:8      | magipi: wow
  1356 | D:8      | Charly: :(
  1357 | D:8      | Mangled by an orc warrior

Vault maps used:
D:1:      evilmike_arrival_crescent
D:3:      lemuel_doored_altar, first_bread, kennysheep_generic_room_9,
          uniq_natasha
D:4:      kiku_gazebo_pond_becter
D:5:      kennysheep_little_box, serial_undead, serial_undead_d,
          serial_undead_e, serial_undead_e, serial_undead_a, serial_undead_d,
          serial_undead_d, uniq_blork_the_orc
D:6:      uniq_sigmund, uniq_edmund, uniq_grinder
D:7:      lemuel_crystal_altar, corexii_leaking_fountain
D:8:      minitemple
Temple:   eino_temple_scatter_basement

Skill      XL: |  1  2  3  4  5  6  7  8 |
---------------+-------------------------+-----
Long Blades    | 4 5 6 7 |  7.2
Fighting       | 3 4 5 |  5.0
Dodging        | 3 4 5 |  5.4
Short Blades   | |  0.3
Armour         | |  2.1

Action                   |  1- 3 |  4- 6 |  7- 9 || total
-------------------------+-------+-------+-------++-------
Melee: Falchion          |    35 |       |       ||    35
       Short sword       |    31 |    73 |   173 ||   277
Invok: Berserk           |     2 |     2 |     4 ||     8
       Trog's Hand       |       |     1 |       ||     1
  Use: Potion            |       |     1 |       ||     1
       Scroll            |       |       |     4 ||     4
 Stab: Sleeping          |     1 |       |       ||     1
  Eat: Bread ration      |     1 |       |     1 ||     2
       Chunk             |       |     4 |     1 ||     5
Armor: Animal skin       |     6 |       |       ||     6
       Leather armour    |     9 |    11 |    37 ||    57
Dodge: Dodged            |    47 |    38 |   113 ||   198
